 Dungeon Crawl Stone Soup version 0.31-a0-654-gbe3e110b4e (webtiles) character file.

Game seed: 18078655165480514154

80 Ge0ff the Cutter (level 4, -2/27 HPs)
             Began as a Deep Elf Monk on Aug 29, 2023.
             Slain by Grinder (6 damage)
             ... on level 3 of the Dungeon.
             The game lasted 00:10:02 (2582 turns).

Ge0ff the Cutter (Deep Elf Monk)                    Turns: 2582, Time: 00:10:02

Health: -2/27      AC:  6    Str: 14    XL:     4   Next: 18%
Magic:  0/9        EV: 13    Int: 17    God:
Gold:   629        SH:  0    Dex: 17    Spells: 0/7 levels left

rFire   . . .        a - +0 short sword
rCold   . . .        d - orb {light}
rNeg    . . .        D - +2 animal skin
rPois   .            y - +0 helmet
rElec   .            (no cloak)
rCorr   .            (no gloves)
SInv    .            E - +0 pair of boots
Will    .....        (no amulet)
Stlth   +            w - +6 ring of strength
HPRegen 0.24/turn    (no ring)
MPRegen 0.11/turn

%: no passive effects
@: very slightly contaminated, hasted, glowing, very quick
A: no striking features
a: no special abilities


You were on level 3 of the Dungeon.
You visited 1 branch of the dungeon, and saw 3 of its levels.

You collected 629 gold pieces.

Inventory:

Hand Weapons
 a - a +0 short sword (weapon)
Missiles
 p - 17 stones (quivered)
 u - 5 poisoned darts
Armour
 d - an orb of light (worn)
 y - a +0 helmet (worn)
 D - a +2 animal skin (worn)
 E - a +0 pair of boots (worn)
Magical Staves
 t - a staff of death
Jewellery
 w - a +6 ring of strength (left hand)
Talismans
 A - a dragon-blood talisman
Scrolls
 B - a scroll of amnesia {unknown}
 C - a scroll of poison
 F - a scroll of blinking {unknown}
 G - a scroll of teleportation {unknown}
Potions
 o - a potion of ambrosia
 q - 4 potions of curing
 s - a potion of might {unknown}
 x - a potion of degeneration {unknown}
 z - a potion of enlightenment {unknown}
 H - a potion of haste {!q}


   Skills:
 - Level 2.4 Fighting
 - Level 4.0 Short Blades
 - Level 3.6 Dodging
 + Level 2.2 Spellcasting
 + Level 0.2 Hexes
 * Level 2.3 Summonings


You couldn't memorise any spells.
You knew the following spells:

 Your Spells              Type           Power      Damage    Failure   Level
d - Call Canine Familiar  Summ           9%         N/A       22%         3
f - Summon Guardian Gole  Hex/Summ       6%         N/A       32%         3
s - Summon Small Mammal   Summ           36%        N/A       8%          1

Your spell library contained the following spells:

 Spells                   Type           Power      Damage    Failure   Level
 Ensorcelled Hibernation  Hex/Ice        4%         N/A       26%         2
 Anguish                  Hex/Necr       1%         N/A       87%         4
 Summon Forest            Summ/Tloc      2%         N/A       97%         5
 Summon Mana Viper        Hex/Summ       6%         N/A       97%         5
 Summon Cactus Giant      Summ           4%         N/A       100%        6


Dungeon Overview and Level Annotations

Branches:
Dungeon (3/15) Zot: 15451

Altars:

Annotations:
D:2 Terence
D:3 Grinder


Message History

The ball python constricts you.
You hit the ball python.
You kill the ball python!
Found a stone staircase leading down.
p - 17 stones (gained 5) This is a scroll of acquirement!
You see here a book of the Wilderness.
Something appears at your feet!
You pick up a book of the Wilderness and begin reading...
You add the spells Summon Forest, Summon Mana Viper and Summon Cactus Giant to your library.
Something appears at your feet!
You now have 629 gold pieces (gained 544).
As you read the scroll labelled TANGIQUDDYV, it crumbles to dust.
It is a scroll of identify.
y - a scroll of poison;
C - a scroll of poison;
y - a +0 helmet (worn)
i - a scroll of identify
As you read the scroll of identify, it crumbles to dust.
r - 4 potions of curing;
q - 4 potions of curing
i - a scroll of identify
As you read the scroll of identify, it crumbles to dust.
z - 2 potions of haste;
H - 2 potions of haste;
z - a bubbling yellow potion Grinder comes into view.
Grinder shouts!
Grinder gestures at you.
You suddenly lose the ability to move!
You can move again.
Casting: Summon Small Mammal (safe; 8% risk of failure)
Confirm with . or Enter, or press ? or * to list all spells.
You miscast Call Canine Familiar.
You are very lightly contaminated with residual magic.
Nothing appears to happen.
Casting: Call Canine Familiar (extremely dangerous; 22% risk of failure)
Confirm with . or Enter, or press ? or * to list all spells.
You miscast Call Canine Familiar.
Nothing appears to happen.
Casting: Call Canine Familiar (extremely dangerous; 22% risk of failure)
Confirm with . or Enter, or press ? or * to list all spells.
You miscast Call Canine Familiar.
Something forms from out of thin air.
A nameless horror comes into view.
Grinder hits you but does no damage. Grinder attacks as she pursues you!
Grinder hits you.
You writhe in agony.
The nameless horror completely misses you.
You feel yourself speed up. Grinder gestures at you.
Pain shoots through your body! Grinder attacks as she pursues you!
Grinder hits you!
* * * LOW HITPOINT WARNING * * *
You writhe in agony.
You die...
Grinder says, "Now the real fun starts!"

#. ....# #. #.#..#
.. #.##..#.# ..
.#####......> .#
..........#### .#
#.#......# .#
#.#...##.# ##.######
#.....##.###........
###......@5.X.#
..###...##.###..#
#..$........# #..#
##.#####...## #..#
#...# #..# #...#
#... #..># ####.
#...# .
#####...######.


You could see a nameless horror and Grinder.

Vanquished Creatures
  Robin (D:2)
  A dart slug (D:2)
  7 endoplasms
  2 giant cockroaches (D:2)
  8 goblins
  5 hobgoblins
  7 jackals (D:1)
  2 quokkas (D:1)
  2 ball pythons
  3 bats (D:1)
  2 frilled lizards (D:1)
  4 kobolds
  5 rats
49 creatures vanquished.

Vanquished Creatures (collateral kills)
  2 ball pythons (D:2)
  3 goblins (D:2)
  A hobgoblin (D:2)
  2 kobolds
  A frilled lizard (D:2)
9 creatures vanquished.

Grand Total: 58 creatures vanquished

Notes
Turn   | Place    | Note
-------+----------+-------------------------------------------
     0 | D:1      | Ge0ff the Deep Elf Monk began the quest for the Orb.
     0 | D:1      | Reached XP level 1. HP: 13/13 MP: 3/3
   197 | D:1      | Reached XP level 2. HP: 15/18 MP: 4/4
   403 | D:1      | Reached skill level 1 in Spellcasting
   461 | D:1      | Reached skill level 1 in Summonings
   727 | D:1      | Reached XP level 3. HP: 14/22 MP: 6/6
   797 | D:1      | Learned a level 3 spell: Call Canine Familiar
   974 | D:2      | Noticed Terence
  1023 | D:2      | Noticed Robin
  1094 | D:2      | Learned a level 1 spell: Summon Small Mammal
  1575 | D:2      | Killed Robin
  1576 | D:2      | Reached skill level 4 in Short Blades
  1721 | D:2      | Reached XP level 4. HP: 26/27 MP: 6/9
  2366 | D:3      | Learned a level 3 spell: Summon Guardian Golem
  2551 | D:3      | Identified 2 scrolls of acquirement
  2551 | D:3      | Acquired a book of the Wilderness
  2553 | D:3      | Acquired 544 gold pieces
  2571 | D:3      | Noticed Grinder
  2571 | D:3      | Paralysed by Grinder for 5 turns
  2582 | D:3      | Slain by Grinder

Illustrated notes

Levels and vault maps discovered:
D:1:      dpeg_arrival_signposts, layout_loops_cross, st_stairs_10
D:2:      layout_basic, uniq_robin, uniq_terence
D:3:      layout_loops_cross, nemelex_spade_bored_becter, grunt_dithmenos_smoke,
          grunt_decor_fettered, saegor_snake_ambush, uniq_grinder

Skill      XL: |  1  2  3 |
---------------+----------+-----
Spellcasting   | 1 2 |  2.2
Summonings     | 1 2 |  2.3
Short Blades   | 4 |  4.0
Fighting       | |  2.4
Dodging        | |  3.6
Hexes          | |  0.2

Action                     |  1- 3 |  4- 6 || total
---------------------------+-------+-------++-------
  Melee: Short sword       |   176 |    15 ||   191
  Throw: Stone             |     4 |     3 ||     7
   Cast: Summon Small Mamm |    19 |     9 ||    28
         Call Canine Famil |     1 |     3 ||     4
    Use: Scroll            |       |     5 ||     5
         Potion            |       |     1 ||     1
   Stab: Distracted        |       |     1 ||     1
 Armour: Robe              |    17 |       ||    17
         Animal skin       |     2 |     5 ||     7
  Dodge: Dodged            |    86 |    14 ||   100

Table legend: (Time is in decaauts)
 A = Elapsed time spent in this place.
 B = Non-inter-level travel time spent in this place.
 C = Inter-level travel time spent in this place.
 D = Time resting spent in this place.
 E = Time spent auto-exploring this place.
 F = Levels seen in this place.
 G = Mean time per level.
                   A        B        C        D        E       F      G
               +--------+--------+--------+--------+--------+-----+--------+
         Total |   2548 |   2396 |    152 |     44 |   1576 |   3 |  849.3 |
       Dungeon |   2548 |   2396 |    152 |     44 |   1576 |   3 |  849.3 |
               +--------+--------+--------+--------+--------+-----+--------+

Top non-repeatable levels by time:
     D:2: 1235 daAuts
     D:1: 1093 daAuts
     D:3: 219 daAuts
